Map: Ephemeron LE

Players

Osiris - Winner!

  • Race: Terran Terran
  • League: Diamond
  • Spawn Location: 11:00

soymilk

  • Race: Protoss Protoss
  • League: Diamond
  • Spawn Location: 5:00

VOD

Have the link to the VOD?

Description

Time

  • Played on: Feb. 15, 2020, 9:40 a.m.
  • Length: 19:30
Show
View Real Time Build Order
Export as new Build Order

Osiris Terran - Winner!

Build Orders: Reaper Expand, Mech 

Get SALT Encoding   

  12  0:00  SCV  
  13  0:12  SCV  
  14  0:17  Supply Depot  
  14  0:25  SCV  
  15  0:38  SCV  
  15  0:39  Barracks  
  16  0:43  Refinery  
  16  0:50  SCV  
  17  1:02  SCV  
  18  1:15  SCV  
  19  1:29  Orbital Command, Reaper  
  20  1:54  Command Center  
  20  2:01  Marine  
  20  2:02  SCV  
  20  2:08  Supply Depot  
  22  2:17  Factory  
  22  2:21  Barracks Reactor  
  22  2:25  SCV  
  22  2:27  Refinery  
  23  2:37  SCV  
  24  2:50  SCV  
  25  3:02  SCV  
  25  3:06  Widow Mine, Marine x2  
  25  3:07  Orbital Command, Starport  
  29  3:14  SCV  
  30  3:23  Marine  
  30  3:24  Marine  
  30  3:26  SCV  
  33  3:27  Widow Mine  
  33  3:33  SCV  
  36  3:38  SCV  
  37  3:41  Marine x2  
  37  3:46  SCV, Medivac  
  42  3:49  Widow Mine  
  42  3:50  SCV  
  45  3:56  Supply Depot  
  45  4:04  Bunker  
  45  4:18  Starport Tech Lab  
  45  4:20  Factory Tech Lab  
  43  4:28  Command Center  
  43  4:30  SCV  
  44  4:32  Supply Depot  
  44  4:33  Supply Depot  
  44  4:40  SCV  
  44  4:42  Siege Tank  
  44  4:43  Refinery  
  44  4:44  Refinery  
  48  4:56  Factory  
  48  4:57  SCV  
  48  4:58  Factory  
  49  5:00  SCV  
  50  5:10  SCV  
  50  5:12  SCV  
  50  5:14  Siege Tank  
  55  5:22  SCV  
  54  5:51  Infernal Pre-Igniter, Hellion, Siege Tank x2  
  54  5:52  Hellion  
  54  5:54  SCV  
  54  5:55  Orbital Command  
  54  5:56  SCV  
  66  6:06  SCV  
  66  6:07  Starport Tech Lab  
  66  6:08  Factory  
  66  6:09  SCV, Factory  
  68  6:15  Barracks Reactor  
  68  6:18  SCV, Hellion x2  
  72  6:21  SCV  
  72  6:24  Siege Tank  
  71  6:30  SCV  
  72  6:34  Orbital Command, Siege Tank  
  72  6:36  SCV  
  76  6:43  Supply Depot  
  76  6:45  Supply Depot  
  80  6:47  Hellion x2  
  80  6:57  SCV x2  
  80  6:58  Siege Tank  
  85  7:05  SCV  
  85  7:06  Siege Tank  
  85  7:08  Hellion x2  
  93  7:09  SCV  
  93  7:11  Hellion x2, Siege Tank  
  101  7:51  SCV x3  
  101  8:04  Hellion  
  101  8:05  Hellion  
  101  8:10  Armory  
  70  8:12  SCV x3, Viking  
  104  8:13  Siege Tank  
  104  8:15  Supply Depot  
  104  8:16  Supply Depot  
  109  8:31  SCV x3, Hellion, Siege Tank x2  
  109  8:32  Hellion  
  122  8:38  Supply Depot  
  122  8:43  Bunker, SCV x3  
  122  8:48  Viking  
  127  8:49  Hellion x2, Siege Tank  
  127  8:55  SCV x2  
  136  8:56  Hellion x2  
  136  8:57  Command Center  
  136  8:59  Terran Vehicle Weapons Level 1  
  136  9:02  Factory  
  140  9:03  Factory  
  140  9:06  Siege Tank  
  140  9:07  Factory  
  143  9:12  Refinery x2, SCV x2  
  143  9:14  SCV  
  146  9:20  Hellion  
  148  9:31  Hellion  
  148  9:32  Hellion, Siege Tank  
  148  9:33  Hellion  
  149  9:41  SCV, Siege Tank  
  153  9:46  Supply Depot  
  153  9:47  Factory Tech Lab  
  153  9:50  Factory Tech Lab, Supply Depot  
  153  9:53  Factory Reactor  
  153  9:54  Smart Servos  
  153  9:56  Mag-Field Accelerator  
  153  9:57  SCV x2  
  155  10:02  Hellion  
  155  10:03  Command Center  
  157  10:08  Hellion x3  
  157  10:10  Orbital Command  
  123  10:28  Hellion  
  123  10:29  Hellion x2  
  126  10:37  SCV x2  
  126  10:43  SCV x2  
  122  10:55  Engineering Bay  
  122  10:57  SCV  
  123  10:59  SCV  
  123  11:00  Terran Vehicle Weapons Level 2  
  124  11:05  SCV  
  124  11:09  Siege Tank x2  
  124  11:10  Hellion x4  
  139  11:16  Hellion x2  
  143  11:26  Hi-Sec Auto Tracking, Missile Turret x2  
  143  11:28  Missile Turret  
  143  11:30  Missile Turret  
  143  11:32  Missile Turret  
  143  11:36  Orbital Command  
  143  11:38  Missile Turret  
  143  11:39  Missile Turret  
  143  11:41  Missile Turret  
  143  11:45  Missile Turret  
  143  11:48  Missile Turret  
  143  11:50  Missile Turret  
  143  11:51  Hellion x4  
  143  11:52  Hellion, Siege Tank x2  
  159  12:01  Missile Turret, Supply Depot  
  159  12:02  SCV  
  159  12:03  Supply Depot  
  159  12:08  SCV x2  
  162  12:24  Hellion x5  
  169  12:39  Hellion  
  169  12:40  Hellion x2, Siege Tank x2  
  179  12:54  Hellion x3  
  172  13:05  Siege Tank x2  
  164  13:06  Hellion  
  162  13:14  Orbital Command  
  162  13:16  Orbital Command  
  158  13:23  Siege Tank  
  158  13:24  Hellion  
  158  13:27  Hellion, Siege Tank x2  
Show
View Real Time Build Order
Export as new Build Order

soymilk Protoss 

Build Orders:  

Get SALT Encoding   

  12  0:01  Probe  
  13  0:13  Probe  
  14  0:20  Pylon  
  14  0:25  Probe  
  15  0:38  Probe  
  15  0:42  Gateway  
  16  0:50  Probe  
  16  0:52  Assimilator  
  17  1:02  Probe  
  18  1:14  Probe  
  18  1:26  Probe  
  18  1:32  Cybernetics Core  
  19  1:39  Probe  
  20  1:41  Assimilator  
  20  1:51  Probe  
  21  1:55  Pylon  
  21  2:06  Stalker (Chrono Boost)  
  21  2:08  Warp Gate (Chrono Boost)  
  23  2:17  Nexus  
  23  2:26  Probe  
  23  2:28  Stalker  
  25  2:38  Probe  
  26  2:48  Pylon  
  26  2:52  Gateway  
  26  2:54  Probe  
  27  3:07  Probe  
  27  3:12  Twilight Council  
  28  3:19  Probe  
  29  3:31  Probe  
  29  3:32  Probe, Gateway  
  31  3:43  Probe  
  32  3:49  Stalker  
  32  3:50  Stalker  
  32  3:51  Probe  
  37  3:59  Gateway  
  37  4:03  Probe x2  
  39  4:20  Probe x2  
  41  4:28  Charge (Chrono Boost)  
  41  4:32  Probe x2  
  41  4:38  Stalker x3  
  47  4:44  Probe x2  
  51  4:48  Robotics Facility  
  51  4:49  Pylon  
  51  4:56  Probe, Pylon  
  51  4:57  Probe  
  53  5:11  Zealot  
  53  5:12  Zealot x2  
  59  5:16  Assimilator  
  59  5:18  Assimilator  
  58  5:40  Pylon  
  58  5:43  Probe  
  58  5:44  Probe  
  58  5:49  Observer  
  60  5:55  Probe  
  60  5:56  Probe  
  62  6:03  Pylon  
  62  6:04  Stalker x2  
  64  6:10  Probe  
  67  6:25  Warp Prism (Chrono Boost), Zealot x2  
  74  6:54  Observer  
  74  6:55  Nexus  
  74  7:01  Pylon  
  74  7:03  Pylon  
  74  7:10  Gateway  
  74  7:12  Gateway  
  74  7:15  Pylon  
  73  7:17  Stalker x3  
  75  7:47  Zealot x3  
  75  7:48  Zealot  
  73  8:02  Probe x2  
  73  8:04  Immortal (Chrono Boost)  
  75  8:14  Probe x2  
  75  8:21  Zealot x3  
  75  8:26  Probe x2  
  83  8:29  Gateway x2  
  83  8:32  Gateway  
  83  8:33  Templar Archives  
  83  8:36  Forge  
  83  8:38  Probe  
  84  8:44  Probe  
  84  8:45  Probe  
  86  8:50  Probe  
  87  8:56  Probe  
  87  8:57  Probe  
  87  9:01  Gateway  
  89  9:03  Probe  
  89  9:09  Probe x2  
  92  9:13  Stalker x2  
  92  9:14  Stalker  
  93  9:26  Probe x3  
  92  9:31  High Templar x2  
  92  9:32  High Templar x2  
  92  9:37  Archon  
  92  9:38  Archon, Probe  
  101  9:44  Probe x2  
  103  9:50  Probe, Pylon  
  103  9:51  Pylon  
  104  9:56  Probe x2  
  106  10:02  Probe  
  107  10:13  Zealot  
  107  10:14  Zealot x4  
  105  10:15  Zealot x5  
  103  10:24  Probe x3  
  80  10:35  Warp Prism (Chrono Boost)  
  80  10:36  Probe x3, Assimilator  
  80  10:41  Assimilator  
  80  10:42  High Templar x3  
  87  10:43  High Templar x6  
  87  10:44  High Templar  
  87  10:48  Probe x3  
  90  10:58  Archon x3  
  90  10:59  Archon x2  
  90  11:00  Probe x2  
  90  11:02  Warp Prism (Chrono Boost)  
  94  11:16  Protoss Ground Weapons Level 1 (Chrono Boost)  
  94  11:19  Dark Shrine  
  94  11:23  Pylon  
  94  11:24  Pylon  
  94  11:31  Observer  
  94  11:33  Zealot  
  94  11:34  Zealot x7  
  94  11:35  Zealot x2  
  114  11:44  Nexus  
  112  12:26  Zealot x3  
  112  12:27  Zealot x7  
  131  12:52  Dark Templar  
  131  12:53  Dark Templar x7  
  123  13:19  Pylon  
  123  13:26  Dark Templar x3  
  121  13:27  Dark Templar  
Tags
 
Composition
Mech
Matchup
PvT
Spawn Locations
Cross Positions
Add a new tag
Caveats
  • Supply blocks, unpowered buildings, or Contaminate may cause inaccurate times.
  • Supply counts are checked every 10 seconds.